 Dungeon Crawl Stone Soup version 0.27.1-33-g824d729ab1 (webtiles) character file.

Game seed: 1001413974209123718

193 halfoni the Chopper (level 6, -1/48 HPs)
             Began as a Human Berserker on Dec 27, 2021.
             Was a Believer of Trog.
             Slain by Terence (10 damage)
             ... on level 2 of the Dungeon.
             The game lasted 00:01:58 (2131 turns).

halfoni the Chopper (Human Berserker)               Turns: 2131, Time: 00:01:59

Health: -1/48      AC:  4    Str: 19    XL:     6   Next: 2%
Magic:  6/6        EV: 12    Int:  7    God:    Trog [**....]
Gold:   73         SH:  0    Dex: 13    Spells: 5/5 levels left

rFire    . . .     SeeInvis .   a - +0 hand axe
rCold    . . .     Faith    .   (no shield)
rNeg     . . .     Spirit   .   b - +0 animal skin
rPois    .         Reflect  .   (no helmet)
rElec    .         Harm     .   f - +1 cloak
rCorr    .         Rampage  .   (no gloves)
Will     .....                  (no boots)
Stlth    +.........             (no amulet)
HPRegen  0.16/turn              (no ring)
MPRegen  0.10/turn              (no ring)

@: on berserk cooldown, slowed, very slow
A: no striking features
a: Renounce Religion, Berserk, Trog's Hand


You were on level 2 of the Dungeon.
You worshipped Trog.
Trog was pleased with you.
You visited 1 branch of the dungeon, and saw 2 of its levels.

You collected 73 gold pieces.

Inventory:

Hand Weapons
 a - a +0 hand axe (weapon)
Armour
 b - a +0 animal skin (worn)
 f - a +1 cloak (worn)
Scrolls
 e - 2 scrolls of identify {unknown}
Potions
 c - a potion of heal wounds {unknown}
 d - a potion of curing {unknown}


   Skills:
 + Level 4.1 Fighting
 + Level 4.6 Axes
 + Level 2.3 Armour
 + Level 3.0 Dodging
 - Level 0.6 Stealth


You had 5 spell levels left.
You didn't know any spells.
Your spell library was empty.

Dungeon Overview and Level Annotations

Branches:
Dungeon (2/15)

Altars:

Annotations:
D:2 Terence


Message History

You miss the adder.
The adder is almost dead.
You slash the adder!
You kill the adder!
Trog accepts your kill.
You hit the ball python.
You kill the ball python!
Trog accepts your kill.
Your Dodging skill increases to level 3!
You have reached level 6!
Your experience leads to an increase in your attributes!
Increase (S)trength, (I)ntelligence, or (D)exterity?
You feel stronger.
You barely miss Terence. Terence hits you with a +0 morningstar!
You closely miss Terence. Terence hits you with a +0 morningstar!
You hit Terence.
Terence is moderately wounded.
You hit Terence.
Terence is moderately wounded.
Terence looks scornfully at you. Terence hits you with a +0 morningstar!
You closely miss Terence.
Terence is moderately wounded.
Terence says, "Rest in peace."
Terence closely misses you.
You barely miss Terence.
Terence is moderately wounded.
You closely miss Terence.
Terence is moderately wounded.
Terence closely misses you.
You hit Terence.
Terence is severely wounded.
You are no longer berserk.
You are exhausted.
You feel yourself slow down. Terence hits you with a +0 morningstar!
* * * LOW HITPOINT WARNING * * *
You hit Terence.
Terence is severely wounded.
Terence hits you with a +0 morningstar!
You die...

#.##.##.# ........#
########
#.##.##.####.......
.....##.......# #
.)#####..###..####.###
.)####.............$..
.......†.##.>...##.##
..####.#.##...#†##.#
..#......##.....@@.#
..#.##.#......#.##.....#
.......#.###.##.# ...?#
.......#.# #..... ...#
......##.# ##.#.#. ..#
..#.### .# #.#.# .#
..#.. . .$# # ..#### #.
## ..#


You could see Terence.

Vanquished Creatures
  Sigmund (D:2)
  An adder (D:2)
  2 endoplasms (D:1)
  A giant cockroach (D:1)
  6 goblins
  4 hobgoblins
  A quokka (D:1)
  4 ball pythons
  3 bats (D:1)
  A frilled lizard (D:1)
  3 kobolds
  5 rats (D:1)
32 creatures vanquished.

Notes
Turn   | Place    | Note
-------+----------+-------------------------------------------
     0 | D:1      | halfoni the Human Berserker began the quest for the Orb.
     0 | D:1      | Reached XP level 1. HP: 18/18 MP: 1/1
   354 | D:1      | Reached XP level 2. HP: 24/24 MP: 2/2
  1171 | D:1      | Reached XP level 3. HP: 28/29 MP: 3/3
  1632 | D:2      | Noticed Sigmund
  1649 | D:2      | Killed Sigmund
  1649 | D:2      | Reached ** piety under Trog
  1650 | D:2      | Reached XP level 4. HP: 5/37 MP: 4/4
  1650 | D:2      | Reached XP level 5. HP: 5/42 MP: 5/5
  2110 | D:2      | Noticed Terence
  2122 | D:2      | Reached XP level 6. HP: 48/48 MP: 6/6
  2131 | D:2      | Slain by Terence

Illustrated notes

Levels and vault maps discovered:
D:1:      amcnicky_arrival_single_pillar, layout_basic
D:2:      layout_loops_cross, uniq_sigmund, uniq_terence

Skill      XL: |  1  2  3  4  5 |
---------------+----------------+-----
Fighting       | 4 |  4.1
Axes           | 4 |  4.6
Dodging        | 3 |  3.0
Armour         | |  2.3
Stealth        | |  0.6

Action                   |  1- 3 |  4- 6 || total
-------------------------+-------+-------++-------
Melee: Hand axe          |   105 |    20 ||   125
Invok: Berserk           |     2 |     1 ||     3
 Stab: Sleeping          |     1 |       ||     1
Armor: Animal skin       |    23 |     3 ||    26
Dodge: Dodged            |    67 |     8 ||    75
